 Dungeon Crawl Stone Soup version 0.21-a0-552-g593960d (webtiles) character file.

9 M4edhros the Grave Robber (level 2, 0/17 HPs)
             Began as an Octopode Necromancer on Dec 18, 2017.
             Slain by a jackal (1 damage)
             ... on level 1 of the Dungeon.
             The game lasted 00:01:13 (116 turns).

M4edhros the Grave Robber (Octopode Necromancer)     Turns: 116, Time: 00:01:14

Health: 0/17       AC:  1    Str:  7    XL:     2   Next: 16%
Magic:  5/5        EV: 13    Int: 17    God:
Gold:   21         SH:  0    Dex: 12    Spells: 4/5 levels left

rFire    . . .     SeeInvis .     - Unarmed
rCold    . . .     Gourm    .   (no shield)
rNeg     . . .     Faith    .   (helmet restricted)
rPois    .         Spirit   .   (no amulet)
rElec    .         Reflect  .   (no ring)
rCorr    .         Harm     .   (no ring)
MR       .....                  (no ring)
Stlth    +++.......             (no ring)
HPRegen  0.05/turn              (no ring)
MPRegen  0.09/turn              (no ring)
                                (no ring)
                                (no ring)

@: no status effects
A: almost no armour, stealthy swim, amphibious, 8 rings, constrict 8, camouflage
1, gelatinous body 1
a: no special abilities


You were on level 1 of the Dungeon.
You were not hungry.

You visited 1 branch of the dungeon, and saw 1 of its levels.

You collected 21 gold pieces.

Inventory:

Books
 a - a book of Necromancy

   Spells                             Type                      Level
   a - Pain                           Necromancy                   1
   b - Animate Skeleton               Necromancy                   1
   c - Vampiric Draining              Necromancy                   3
   d - Regeneration                   Charms/Necromancy            3
   e - Animate Dead                   Necromancy                   4
   f - Control Undead                 Necromancy                   4
Comestibles
 b - a bread ration


   Skills:
 - Level 2.0 Dodging
 - Level 2.6 Stealth
 + Level 1.7 Unarmed Combat
 - Level 2.0 Spellcasting
 - Level 4.0 Necromancy


You had 4 spell levels left.
You knew the following spells:

 Your Spells              Type           Power        Failure   Level  Hunger
a - Pain                  Necr           ###.         3%          1    #......


Dungeon Overview and Level Annotations

Branches:
Dungeon (1/15)

Altars:


Innate Abilities, Weirdness & Mutations

You cannot wear most types of armour.
You are very stealthy in the water. (Stealth+)
You are amphibious.
You can wear up to eight rings at the same time.
You can use your tentacles to constrict eight enemies at once.
Your skin changes colour to match your surroundings (Stealth+).
Your rubbery body absorbs attacks. (AC +1, EV +1)


Message History

You tentacle-slap the jackal. You grab the jackal. You squeeze the jackal.
The jackal is heavily wounded.
You constrict the jackal. The jackal barely misses you. The jackal bites you.
* * * LOW HITPOINT WARNING * * *
The jackal misses you.
Unknown command.
You barely miss the jackal. Your grab misses the jackal.
You squeeze the jackal.
The jackal is severely wounded.
You constrict the jackal. The jackal barely misses you. The jackal misses you.
Unknown command.
You tentacle-slap the jackal.
You kill the jackal!
You constrict the jackal, but do no damage.
The jackal barely misses you. The jackal misses you.
Unknown command.
You barely miss the jackal. You grab the jackal. You constrict the jackal.
You kill the jackal!
You constrict the jackal. The jackal bites you.
You die...

. #.## ###%
h.#
##...##.##
.........#
.........#
......h..#
......b.h#
########h##
#....@†.#
#.......#
###.......#
#...........#
#.########..#
. #.# ..# ..
#.# ..# ...##
#.# .#
♣....## #.#


You could see 2 jackals.

Vanquished Creatures
  A hobgoblin (D:1)
  3 jackals (D:1)
  2 kobolds (D:1)
  2 bats (D:1)
8 creatures vanquished.

Notes
Turn   | Place    | Note
-------+----------+-------------------------------------------
     0 | D:1      | M4edhros the Octopode Necromancer began the quest for the Orb.
     0 | D:1      | Reached XP level 1. HP: 11/11 MP: 3/3
    80 | D:1      | Reached skill level 1 in Unarmed Combat
   110 | D:1      | Reached XP level 2. HP: 3/17 MP: 5/5
   116 | D:1      | Slain by a jackal

Vault maps used:
D:1:      kilobyte_arrival_exit_the_forest

Skill      XL: |  1 |
---------------+----+-----
Unarmed Combat | 1 |  1.7
Dodging        | |  2.0
Stealth        | |  2.6
Spellcasting   | |  2.0
Necromancy     | |  4.0

Action                   || total
-------------------------++-------
Melee: Unarmed           ||    27
       Constrict         ||    10
       Tentacles         ||     5
 Stab: Sleeping          ||     1
Armor: Skin              ||     2
Dodge: Dodged            ||    33

Table legend:
 A = Spawn XP
 B = Non-spawn XP
 C = Spawn XP percentage of total XP
 D = Spawn monster count
 E = Non-spawn monster count
 F = Spawn count percentage of total count
 G = Total turns spent on level
                    A         B        C        D         E        F      G
               +---------+---------+-------+---------+---------+-------+---------
         Total |       0 |      14 |   0.0 |       0 |       8 |   0.0 |   116
               +---------+---------+-------+---------+---------+-------+---------
           D:1 |       0 |      14 |   0.0 |       0 |       8 |   0.0 |   116
               +---------+---------+-------+---------+---------+-------+---------
